 Dungeon Crawl Stone Soup version 0.29-a0-384-g6960b1960d (webtiles) character file.

Game seed: 12082961686997574650

7322 happo123 the Grappler (level 10, -9/84 HPs)
             Began as a Troll Berserker on May 8, 2022.
             Was an Elder of Trog.
             Mangled by tasumai's ghost (15 damage)
             ... on level 9 of the Dungeon.
             The game lasted 00:33:06 (6364 turns).

happo123 the Grappler (Troll Berserker)             Turns: 6364, Time: 00:33:06

Health: -9/84      AC: 13    Str: 29      XL:     10   Next: 90%
Magic:  9/9        EV: 11    Int: -1 (1)  God:    Trog [****..]
Gold:   254        SH:  0    Dex:  7 (9)  Spells: 9/9 levels left

rFire   . . .      SeeInvis .     - Unarmed
rCold   + . .      Faith    .   (no shield)
rNeg    + . .      Spirit   .   N - +0 steam dragon scales
rPois   .          Reflect  .   (helmet restricted)
rElec   .          Harm     +   C - +1 cloak of the Guardian {Harm rC+ rN+}
rCorr   .          Rampage  .   (gloves unavailable)
Will    ++...      Rage     1%  (boots unavailable)
Stlth   ++........              A - amulet of regeneration
HPRegen 2.84/turn               j - +4 ring of protection
MPRegen 0.11/turn               q - +4 ring of slaying

@: strong-willed, on berserk cooldown, regenerating, slowed, lost intelligence,
unable to read, very slow
A: large, unfitting armour, claws 3, regeneration 1, shaggy fur 1, tough skin 1,
berserk 1, deterioration 1, dopey 1, frail 1, weak 1
a: Renounce Religion, Berserk, Trog's Hand, Brothers in Arms


You were on level 9 of the Dungeon.
You worshipped Trog.
Trog was greatly pleased with you.
You visited 1 branch of the dungeon, and saw 9 of its levels.

You collected 575 gold pieces.
You spent 321 gold pieces at shops.

Inventory:

Hand Weapons
 F - a +0 shortbow
 X - a +6 vampiric war axe
Armour
 d - a +0 cloak
 C - the +1 cloak of the Guardian (worn) {Harm rC+ rN+}
   (You bought it in a shop on level 5 of the Dungeon)

   rC:        It protects you from cold.
   rN:        It protects you from negative energy.
   Harm:      It increases damage dealt and taken.
 N - +0 steam dragon scales (worn)
 R - +0 swamp dragon scales
Jewellery
 a - a ring of protection from cold
 b - an amulet of guardian spirit
 j - a +4 ring of protection (left claw)
 p - an amulet of faith
 q - a +4 ring of slaying (right claw)
 s - the ring of Rykh {Wiz Int+7 Dex+5}
   (You found it on level 2 of the Dungeon)

   [ring of wizardry]

   It improves your spell success rate.
   Int:       It affects your intelligence (+7).
   Dex:       It affects your dexterity (+5).
 A - an amulet of regeneration (around neck)
 B - a ring of flight
 H - an amulet of the acrobat
 P - a ring of protection from fire
 Q - a ring of magical power
 S - a ring of resist corrosion
 V - a ring of poison resistance
Wands
 t - a wand of charming (23)
 y - a wand of paralysis (7)
 z - a wand of iceblast (23)
 U - a wand of flame (25)
 W - a wand of polymorph (5)
Scrolls
 c - 2 scrolls of vulnerability {unknown}
 e - 5 scrolls of fear
 f - 4 scrolls of teleportation
 g - a scroll of torment {unknown}
 h - 2 scrolls of enchant weapon
 i - 4 scrolls of blinking
 k - a scroll of identify
 n - a scroll of amnesia {unknown}
 o - 3 scrolls of summoning
 r - 3 scrolls of fog
 D - a scroll of noise {unknown}
 E - a scroll of immolation {unknown}
 G - a scroll of enchant armour {unknown}
 I - 3 scrolls of magic mapping {unknown}
 T - a scroll of silence {unknown}
Potions
 l - 6 potions of curing
 m - 2 potions of flight {unknown}
 u - a potion of heal wounds
 v - 2 potions of berserk rage {unknown}
 w - a potion of attraction {unknown}
 x - 2 potions of lignification {unknown}
 J - a potion of cancellation {unknown}
 K - 3 potions of ambrosia {unknown}
 M - 2 potions of haste
 O - a potion of degeneration {unknown}


   Skills:
 + Level 4.7 Fighting
 + Level 2.3 Axes
 + Level 6.9 Dodging
 + Level 2.8 Stealth
 + Level 13.2 Unarmed Combat


You had 9 spell levels left.
You didn't know any spells.
Your spell library was empty.

Dungeon Overview and Level Annotations

Branches:
Dungeon (9/15)             Temple (0/1) D:6
   Lair: D:8-11         Orc: D:9-12

Altars:
Ashenzari
Cheibriados
Dithmenos
Elyvilon
Gozag
Hepliaklqana
Kikubaaqudgha
Makhleb
Nemelex Xobeh
Okawaru
Qazlal
Sif Muna
Trog
Yredelemnul
The Shining One

Shops:
D:1 (   D:3 !   D:5 [

Annotations:
D:9 tasumai's ghost, journeyman GrBe


Innate Abilities, Weirdness & Mutations

You are too large for most types of armour.
You have claws for hands.
Your natural rate of healing is unusually fast.
You are covered in fur. (AC +1)
You have tough skin. (AC +1)
You tend to lose your temper in combat.
Your body sometimes deteriorates upon taking damage.
You are dopey. (Int -2)
You are frail. (-10% HP)
You are weak. (Str -2)


Message History

The neqoxec hits you but does no damage.
Tasumai's ghost closely misses you.
You closely miss the neqoxec.
The neqoxec is severely wounded.
The neqoxec completely misses you. Tasumai's ghost stares at you.
Tasumai's ghost hits you.
* * * LOW HITPOINT WARNING * * *
Tasumai's ghost freezes you.
* * * LOW HITPOINT WARNING * * *
Your skin crawls.
You feel strong-willed. The neqoxec barely misses you.
Tasumai's ghost screams, "Don't try to defend!
You have no chance!"
Tasumai's ghost hits you but does no damage.
You closely miss the neqoxec.
The neqoxec is severely wounded.
The neqoxec completely misses you. Tasumai's ghost hits you!
* * * LOW HITPOINT WARNING * * *
Tasumai's ghost freezes you.
* * * LOW HITPOINT WARNING * * *
You barely miss the neqoxec.
The neqoxec is severely wounded.
The neqoxec gestures at you.
Strange energies course through your body.
You feel a little pissed off. Tasumai's ghost hits you.
* * * LOW HITPOINT WARNING * * *
You mangle the neqoxec!!
You kill the neqoxec!
Trog accepts your kill. Tasumai's ghost hits you!
* * * LOW HITPOINT WARNING * * *
Tasumai's ghost freezes you.
* * * LOW HITPOINT WARNING * * *
You scratch tasumai's ghost but do no damage.
Your claw misses tasumai's ghost.
Tasumai's ghost is moderately damaged.
Tasumai's ghost hits you!
You die...

#..# ##...#####.###...# #. #.##
##.#....##..##.#.### ## #.#
##..............#...# # #.#
#..####.©.####...##.# # #.###.##
.##### .###..#.### # ##.##..#
.?.$)(.3#..##.#...###
#..##.##.##..=###....#.###..##
###.###.#.....#.W...#.##.# ##..#
##...# #.# .##..@..#...#..# ##..
...### #.#......#..##..#..## ##.
#### #.##...#. .#....#...# #. #
#..#.. .# .....##...# #. ##
##.##### ###.##..#.###### )##
##.....####©###..##....# #
..######....#..........###.##.###
#...........##..#..##### #.......
....#####.........## ##.......


You could see tasumai's ghost.

Vanquished Creatures
  A two-headed ogre (D:8)
  Pikel (D:5)
  A cyclops (D:9)
  Maggie (D:8)
  A tarantella (shapeshifter) (D:9)
  2 wyverns (D:9)
  A wraith (D:9)
  3 neqoxecs (D:9)
  2 steam dragons
  2 water moccasins
  An ice beast (D:6)
  3 black bears
  3 sky beasts
  3 orc warriors
  2 ogres
  3 centaurs
  2 kobold brigands
  3 necrophages
  A gnoll sergeant (D:5)
  A bullfrog (D:8)
  A scorpion (D:3)
  7 wights
  8 killer bees
  A howler monkey (D:6)
  3 quasits (D:9)
  4 orc priests
  A jelly (D:7)
  6 orc wizards
  2 iguanas
  9 gnolls (D:5)
  11 adders
  2 shadow imps
  A white imp (D:7)
  3 worms (D:3)
  11 dart slugs
  24 orcs
  5 bats
  4 endoplasms
  3 giant cockroaches
  8 goblins
  2 hobgoblins
  13 jackals
  6 quokkas
  6 ball pythons
  6 frilled lizards
  21 kobolds
  4 rats
209 creatures vanquished.

Vanquished Creatures (collateral kills)
  An ugly thing (D:8)
  An orc wizard (D:8)
  2 orcs (D:8)
4 creatures vanquished.

Vanquished Creatures (others)
  A wizard (D:9)
  A human (D:3)
  2 orcs (D:9)
  3 fungi (D:6)
  2 plants
  5 toadstools (D:1)
14 creatures vanquished.

Grand Total: 227 creatures vanquished

Notes
Turn   | Place    | Note
-------+----------+-------------------------------------------
     0 | D:1      | happo123 the Troll Berserker began the quest for the Orb.
     0 | D:1      | Reached XP level 1. HP: 22/22 MP: 0/0
    84 | D:1      | Reached XP level 2. HP: 26/29 MP: 1/1
   114 | D:1      | Found a faded altar of an unknown god.
   126 | D:1      | Found Xiadeiti's Weapon Emporium.
   239 | D:1      | Reached XP level 3. HP: 36/36 MP: 2/2
   604 | D:2      | Reached ** piety under Trog
   682 | D:2      | Reached XP level 4. HP: 44/44 MP: 3/3
   861 | D:2      | Reached skill level 4 in Unarmed Combat
  1011 | D:2      | Identified the ring of Rykh {Wiz Int+7 Dex+5}
  1391 | D:3      | Noticed a scorpion
  1400 | D:3      | Killed a scorpion
  1401 | D:3      | Reached XP level 5. HP: 53/53 MP: 1/4
  1471 | D:3      | Found a sparkling altar of Nemelex Xobeh.
  1495 | D:3      | Reached skill level 5 in Unarmed Combat
  1683 | D:3      | Reached *** piety under Trog
  1691 | D:3      | Found an ancient bone altar of Kikubaaqudgha.
  1692 | D:3      | Noticed a human
  1694 | D:3      | Killed a human
  1791 | D:3      | Found Mewaclal's Distillery.
  1805 | D:3      | Bought a potion of heal wounds for 65 gold pieces
  2241 | D:4      | Noticed an ogre
  2247 | D:4      | Killed an ogre
  2248 | D:4      | Reached XP level 6. HP: 61/61 MP: 5/5
  2373 | D:4      | Noticed a sky beast
  2381 | D:4      | Killed a sky beast
  2382 | D:4      | Reached skill level 6 in Unarmed Combat
  2386 | D:4      | Identified the +1 scale mail of the Sun {Regen+}
  2651 | D:5      | Entered Level 5 of the Dungeon
  2658 | D:5      | Noticed Pikel
  2670 | D:5      | Killed Pikel
  2671 | D:5      | Reached skill level 1 in Stealth
  2671 | D:5      | Reached skill level 7 in Unarmed Combat
  2671 | D:5      | Reached XP level 7. HP: 67/67 MP: 4/6
  2690 | D:5      | Found a snail-covered altar of Cheibriados.
  2723 | D:5      | Found Ciemuh's Antique Armour Shoppe.
  2825 | D:5      | Reached skill level 8 in Unarmed Combat
  2830 | D:5      | Reached XP level 8. HP: 65/75 MP: 7/7
  2885 | D:5      | Bought a brightly glowing cloak for 256 gold pieces
  2885 | D:5      | Identified the +1 cloak of the Guardian {Harm rC+ rN+} (You
                  | bought it in a shop on level 5 of the Dungeon)
  2922 | D:5      | Found a stormy altar of Qazlal.
  2973 | D:5      | Found a broken altar of Ashenzari.
  3163 | D:5      | Found a shimmering blue altar of Sif Muna.
  3308 | D:6      | Found a white marble altar of Elyvilon.
  3317 | D:6      | Reached skill level 9 in Unarmed Combat
  3366 | D:6      | Reached **** piety under Trog
  3484 | D:6      | Found a staircase to the Ecumenical Temple.
  3495 | D:6      | Reached skill level 5 in Dodging
  3497 | D:6      | Reached XP level 9. HP: 78/84 MP: 8/8
  3668 | D:6      | Found a burning altar of Makhleb.
  3767 | D:6      | Reached skill level 10 in Unarmed Combat
  3784 | D:6      | Identified the +3 chain mail of Jicliat {Str-4 Int+4}
  4297 | D:7      | Found a basalt altar of Yredelemnul.
  4336 | D:7      | Found a glowing golden altar of the Shining One.
  4510 | D:7      | Reached skill level 11 in Unarmed Combat
  4580 | D:8      | Noticed a two-headed ogre
  4584 | D:8      | Noticed Maggie
  4589 | D:8      | Killed a two-headed ogre
  4592 | D:8      | Killed Maggie
  4614 | D:8      | Reached XP level 10. HP: 84/92 MP: 9/9
  4616 | D:8      | Noticed a purple ugly thing
  4622 | D:8      | Killed a purple ugly thing
  4623 | D:8      | Reached skill level 12 in Unarmed Combat
  4851 | D:8      | Found a hazy altar of Hepliaklqana.
  5022 | D:8      | Found a bloodstained altar of Trog.
  5765 | D:9      | Found a shadowy altar of Dithmenos.
  5917 | D:9      | Found an opulent altar of Gozag.
  5976 | D:9      | Reached skill level 1 in Axes
  5978 | D:9      | Reached ***** piety under Trog
  5995 | D:9      | Noticed a cyclops
  5995 | D:9      | Noticed a wizard
  6003 | D:9      | Killed a cyclops
  6010 | D:9      | Reached skill level 13 in Unarmed Combat
  6010 | D:9      | Killed a wizard
  6066 | D:9      | Noticed tasumai's ghost (journeyman GrBe)
  6081 | D:9      | Found a transporter.
  6175 | D:9      | Found an iron altar of Okawaru.
  6346 | D:9      | Gained mutation: You are dopey. (Int -2) [a neqoxec]
  6347 | D:9      | Lost intelligence.
  6347 | D:9      | Gained mutation: You are frail. (-10% HP) [a neqoxec]
  6350 | D:9      | Gained mutation: You are weak. (Str -2) [a neqoxec]
  6352 | D:9      | Gained mutation: Your body sometimes deteriorates upon
                  | taking damage. [a neqoxec]
  6362 | D:9      | Gained mutation: You tend to lose your temper in combat. [a
                  | neqoxec]
  6363 | D:9      | HP: 3/84 [tasumai's ghost (2)]
  6364 | D:9      | Mangled by tasumai's ghost

Illustrated notes

Levels and vault maps discovered:
D:1:      ldierk_walled_garden, layout_basic, serial_shops,
          nicolae_shop_bloodbath_and_beyond, ebering_ecumenical_altar_rust
D:2:      layout_loops_cross
D:3:      kennysheep_slugbush, layout_basic, tgw_kikubaaqudgha,
          mainiacjoe_overflow_24_doors, serial_shops,
          nicolae_shop_temple_entry_statues_fountains, lemuel_old_faithful
D:4:      layout_rooms, serial_bayou_lake_a
D:5:      layout_rooms, kennysheep_mini_moat, mainiacjoe_overflow_cross_hatched,
          mainiacjoe_overflow_tiny_flanked, mainiacjoe_overflow_surrounded_room,
          serial_shops, nicolae_square_shop, uniq_pikel
D:6:      layout_loops_ring, kennysheep_mini, mainiacjoe_overflow_boulevard,
          minmay_temple_entry_mini_moons
D:7:      layout_loops_cross, nicolae_tso_swordbearing_angel, lemuel_round_altar
D:8:      layout_layer_cave, nicolae_hepliaklqana_hazy_memory,
          lightli_temple_of_fire, minmay_misc_feat_plants, dk_rats_in_the_wall,
          uniq_maggie
D:9:      layout_rooms, nicolae_gozag_seed_capital, lemuel_doored_altar,
          lemuel_round_altar, gammafunk_ghost_stat_death, minmay_radiant

Skill      XL: |  1  2  3  4  5  6  7  8  9 10 |
---------------+-------------------------------+-----
Dodging        | 3 4 5 6 |  6.9
Unarmed Combat | 4 5 7 8 9 11 13 | 13.2
Fighting       | 3 4 |  4.7
Stealth        | 1 2 |  2.8
Axes           | 2 |  2.3

Action                   |  1- 3 |  4- 6 |  7- 9 | 10-12 || total
-------------------------+-------+-------+-------+-------++-------
Melee: Unarmed           |   104 |   116 |   172 |    49 ||   441
       Punch             |       |     2 |     3 |     6 ||    11
       War axe           |       |       |       |    21 ||    21
Invok: Berserk           |     1 |     3 |     1 |     2 ||     7
       Trog's Hand       |       |       |       |     2 ||     2
  Use: Scroll            |       |       |     6 |     2 ||     8
       Potion            |       |       |       |     2 ||     2
 Stab: Sleeping          |       |     1 |     2 |       ||     3
Armor: Animal skin       |    56 |    46 |    40 |       ||   142
       Steam dragon scal |       |       |    40 |    87 ||   127
Dodge: Dodged            |    64 |    60 |    80 |    62 ||   266

Table legend: (Time is in decaauts)
 A = Elapsed time spent in this place.
 B = Non-inter-level travel time spent in this place.
 C = Inter-level travel time spent in this place.
 D = Time resting spent in this place.
 E = Time spent auto-exploring this place.
 F = Levels seen in this place.
 G = Mean time per level.
                   A        B        C        D        E       F      G
               +--------+--------+--------+--------+--------+-----+--------+
         Total |   6417 |   5436 |    981 |      0 |   4261 |   9 |  713.0 |
       Dungeon |   6417 |   5436 |    981 |      0 |   4261 |   9 |  713.0 |
               +--------+--------+--------+--------+--------+-----+--------+

Top non-repeatable levels by time:
     D:8: 1187 daAuts
     D:3: 786 daAuts
     D:2: 720 daAuts
     D:6: 654 daAuts
     D:4: 642 daAuts
     D:9: 632 daAuts
     D:5: 630 daAuts
     D:7: 601 daAuts
     D:1: 560 daAuts
